 Dungeon Crawl Stone Soup version bcrawl-1.40.3b (webtiles) character file.

Game seed: 8004761137081441599

238295 Amelense the Twirler (level 7, -7/70 HPs)
             Began as an Ent Monk on Feb 6, 2024.
             Killed by divine providence
             ... invoked by an orc priest
              (11 damage)
             ... on level 4 of the Dungeon.
             The game lasted 00:08:51 (3010 turns).

Amelense the Twirler (Ent Monk)                     Turns: 3010, Time: 00:08:51

Health: -7/70      AC: 14    Str: 20 (21) XL:     7   Next: 11%
Magic:  0/7        EV: 11    Int:  7 (10) God:
Gold:   226        SH:  0    Dex: 10 (12) Spells: 6/6 levels left

rFire    + . .     GDR:     31% m - +0 giant spiked club
rCold    . . .     SeeInvis .   (shield currently unavailable)
rNeg     + + +     Gourm    .   (armour unavailable)
rPois    +         Faith    .   b - +0 hat
rElec    .         Spirit   +   (no cloak)
rCorr    .         Reflect  .   (gloves unavailable)
MR       .....                  (boots unavailable)
Stlth    ++........             c - amulet of guardian spirit
HPRegen  0.21/turn              k - ring of protection from fire
MPRegen  0.10/turn              (no ring)

@: very slow
A: large, slow actions, passwall, strong branches, fangs 1, frail 1, low mp 2,
negative energy resistance 3, poison resistance, slow metabolism 1, torment
resistance, unbreathing, AC +14
a: Passwall


You were on level 4 of the Dungeon.
You were hungry.

You visited 1 branch of the dungeon, and saw 4 of its levels.

You collected 226 gold pieces.

Inventory:

Hand Weapons
 a - a +0 quarterstaff
 m - a +0 giant spiked club (weapon)
Armour
 b - a +0 hat (worn)
Jewellery
 c - an amulet of guardian spirit (around neck)
 k - a ring of protection from fire (left hand)
Wands
 j - a wand of random effects (8)
Scrolls
 d - 4 scrolls of remove curse
 g - a scroll of immolation {unknown}
 h - a scroll of teleportation {unknown}
 i - 9 scrolls of identify
 o - a scroll of amnesia {unknown}
 p - a scroll of blinking {unknown}
Comestibles
 e - 9 rations {!d}
 f - 6 chunks of flesh


   Skills:
 - Level 5.3 Fighting
 * Level 1.4(4.5) Maces & Flails
 - Level 5.7(5.8) Staves
 - Level 4.5 Dodging
 - Level 2.5 Stealth
   Level 2.4 Invocations


You had 6 spell levels left.
You didn't know any spells.
Your spell library was empty.

Dungeon Overview and Level Annotations

Branches:
Dungeon (4/12)
 Temple: D:4-7

Altars:
Vehumet


Innate Abilities, Weirdness & Mutations

You move and act slowly.
You can pass through walls and trees.
Your branches can wield two-handed weapons with a shield.
Your thick bark is tough. (AC +14)
You are too large for most types of armour.
You are immune to negative energy. (rN+++)
Your system is resistant to poisons. (rPois)
You have a slow metabolism.
You are immune to unholy pain and torment.
You can survive without breathing.
You have very sharp teeth.
You are frail. (-10% HP)
Your magical capacity is very low. (-20% MP)


Message History

* * * LOW HITPOINT WARNING * * *
The sky beast completely misses you.
It was a potion of degeneration.
There was something very wrong with that liquid.
You feel weakened.
You feel dopey.
You feel clumsy. The sky beast barely misses you.
Aiming: Random Effects
Press: ? - help, Shift-Dir - straight line, f - sky beast
Aim: a sky beast The sky beast resists with significant effort.
The orc priest mumbles some strange prayers to Beogh against you.
Beogh smites you!
* * * LOW HITPOINT WARNING * * *
The sky beast hits you but does no damage.
The sky beast barely misses you.
The sky beast hits you but does no damage.
The sky beast hits you but does no damage.
The orc priest calls down the wrath of Beogh upon you.
Beogh smites you!
You die...

#.## #.#.#.#.###. #..#
#.#......... ### ##.# #
#....#.### ...##### #.##
#.##.#..# .......# #..#
.#.##.#..# .....$.####
##.##.#.##.##.# ......oo..#
#<...#.##....#
#......##.#########..###.#######
#......##..ooooY@........#
#..........##..#####..##.#
#.......#...#..........#.#
#.......##..#.####.....#.#
####.#..........##.....#.#
................##...#†#.#
................##...#...#
................##...#.†.########
#.....#.........##...#..........#


You could see a sky beast, 2 orc priests and 2 orcs.

Vanquished Creatures
  Menkaure (D:4)
  An ogre (D:4)
  A howler monkey (D:4)
  2 hounds (D:4)
  An iguana (D:3)
  An orc wizard (D:3)
  A worker ant (D:3)
  6 adders
  An adder zombie (D:4)
  6 worms
  2 dart slugs
  13 leopard geckos
  15 orcs
  5 giant cockroaches
  7 hobgoblins
  9 jackals
  6 kobolds
  A quokka (D:4)
  2 ball pythons
  8 bats
  2 frilled lizards
  6 goblins
  4 rats
101 creatures vanquished.

Notes
Turn   | Place    | Note
-------+----------+-------------------------------------------
     0 | D:1      | Amelense the Ent Monk began the quest for the Orb.
     0 | D:1      | Reached XP level 1. HP: 25/25 MP: 2/2
    79 | D:1      | Reached XP level 2. HP: 31/33 MP: 3/3
   510 | D:1      | Reached XP level 3. HP: 37/42 MP: 4/4
  1420 | D:2      | Found a faded altar of an unknown god.
  1678 | D:3      | Reached XP level 4. HP: 36/51 MP: 2/5
  1686 | D:3      | Gained mutation: You are frail. (-10% HP) [potion of
                  | mutation]
  1686 | D:3      | Gained mutation: Your magical capacity is low. (-10% MP)
                  | [potion of mutation]
  1686 | D:3      | Gained mutation: Your magical capacity is very low. (-20%
                  | MP) [potion of mutation]
  1686 | D:3      | Gained mutation: You have very sharp teeth. [potion of
                  | mutation]
  1836 | D:3      | Reached XP level 5. HP: 49/54 MP: 3/5
  1962 | D:3      | Found an ancient bone altar of Kikubaaqudgha.
  2688 | D:4      | Reached XP level 6. HP: 59/63 MP: 6/6
  2701 | D:4      | Noticed Menkaure
  2704 | D:4      | Found a radiant altar of Vehumet.
  2721 | D:4      | Reached skill level 5 in Staves
  2731 | D:4      | Killed Menkaure
  2732 | D:4      | Reached skill level 5 in Fighting
  2847 | D:4      | Reached XP level 7. HP: 41/70 MP: 3/7
  2857 | D:4      | Reached skill level 1 in Maces & Flails
  3003 | D:4      | HP: 2/70 [orc priest/divine providence (8)]
  3010 | D:4      | Killed from afar by an orc priest

Skill      XL: |  1  2  3  4  5  6  7 |
---------------+----------------------+-----
Dodging        | 3 4 |  4.5
Fighting       | 4 5 |  5.3
Staves         | 4 5 |  5.7
Maces & Flails | 1 |  1.4
Stealth        | |  2.5
Invocations    | |  2.4

Action                   |  1- 3 |  4- 6 |  7- 9 || total
-------------------------+-------+-------+-------++-------
Melee: Quarterstaff      |   126 |   182 |       ||   308
       Bite              |       |    12 |       ||    12
       Giant spiked club |       |       |    15 ||    15
Evoke: Wand              |       |       |     1 ||     1
  Use: Potion            |       |     5 |     1 ||     6
 Stab: Sleeping          |     3 |     2 |       ||     5
  Eat: Chunk             |     6 |     8 |     1 ||    15
Armor: Skin              |   165 |   152 |    24 ||   341
Dodge: Dodged            |   198 |   187 |    19 ||   404
